Map: 永恒梦境-天梯版

Players

iGXiGua (XiGua)

  • Race: Zerg Zerg

TIME (Oliveira) - Winner!

  • Race: Terran Terran
  • League: Master

Event: DreamHack SC2 Masters 2020 Fall

VOD

Have the link to the VOD?

Description

Time

  • Played on: Sept. 4, 2020, 7:39 a.m.
  • Length: 7:34

All games in this series

Show
View Real Time Build Order
Export as new Build Order

iGXiGua Zerg 

Build Orders: Hatch First 

Get SALT Encoding   

  12  0:00  Drone  
  13  0:12  Overlord  
  13  0:16  Drone  
  14  0:30  Drone x2  
  16  0:48  Hatchery  
  15  0:51  Drone  
  15  0:55  Drone  
  17  0:58  Drone  
  18  1:09  Extractor  
  17  1:15  Spawning Pool  
  16  1:18  Drone  
  16  1:22  Drone  
  18  1:30  Drone  
  19  1:39  Drone  
  20  1:49  Overlord  
  20  2:01  Queen x2  
  20  2:02  Zergling x4  
  26  2:10  Drone  
  26  2:11  Drone  
  28  2:22  Drone x2  
  30  2:32  Hatchery  
  30  2:36  Metabolic Boost  
  28  2:45  Queen  
  28  2:49  Overlord  
  28  2:51  Drone  
  31  2:53  Drone  
  32  2:59  Drone x2  
  32  3:01  Drone  
  35  3:10  Pneumatized Carapace  
  35  3:13  Drone x2  
  35  3:17  Drone x2  
  35  3:19  Drone x2  
  41  3:24  Overlord  
  41  3:29  Queen  
  41  3:34  Overlord  
  43  3:43  Drone  
  43  3:45  Queen  
  43  3:46  Overlord  
  43  3:47  Zergling x4  
  48  3:50  Drone x2  
  48  3:52  Drone  
  51  3:58  Drone x3  
  51  4:01  Drone x2  
  56  4:04  Drone  
  56  4:05  Drone  
  58  4:10  Drone  
  58  4:12  Queen  
  58  4:15  Overlord  
  62  4:17  Drone x2  
  62  4:21  Drone  
  64  4:25  Zergling x4  
  64  4:28  Zergling x6  
  69  4:35  Lair  
  69  4:37  Extractor  
  69  4:38  Drone x3, Baneling Nest  
  70  4:42  Spore Crawler, Drone  
  70  4:43  Spore Crawler  
  69  4:46  Drone x2  
  71  4:54  Drone x2  
  71  4:56  Overlord  
  71  4:57  Overlord x2  
  71  4:59  Extractor  
  72  5:00  Extractor  
  72  5:01  Overlord  
  72  5:02  Drone x2  
  72  5:06  Overlord  
  73  5:09  Overlord  
  73  5:12  Extractor  
  73  5:13  Overlord, Extractor  
  71  5:14  Drone x2  
  71  5:19  Drone  
  71  5:20  Drone  
  75  5:24  Drone x5  
  75  5:25  Drone x2  
  75  5:27  Drone x3  
  85  5:34  Evolution Chamber, Centrifical Hooks  
  85  5:35  Evolution Chamber, Drone  
  83  5:37  Drone  
  83  5:40  Drone  
  83  5:42  Overlord  
  86  5:44  Overlord  
  86  5:49  Zergling x4  
  88  5:51  Overlord  
  89  5:57  Zergling x14  
  89  6:00  Drone x2  
  97  6:14  Hatchery  
  97  6:15  Zergling x6  
  99  6:19  Baneling x6  
  99  6:20  Zergling x2  
  99  6:22  Overlord  
  89  6:33  Zergling x18  
  85  6:42  Zergling x8  
  82  6:49  Zergling x2  
  82  6:50  Zergling x4  
  82  6:56  Spire  
  82  6:57  Queen  
  82  7:00  Zergling x6  
  85  7:03  Baneling x5  
  84  7:09  Zergling x6  
  83  7:16  Zergling x4  
  83  7:18  Baneling x2  
Show
View Real Time Build Order
Export as new Build Order

TIME Terran - Winner!

Build Orders: Liberator Opening, Reaper Expand 

Get SALT Encoding   

  12  0:00  SCV  
  13  0:12  SCV  
  14  0:17  Supply Depot  
  14  0:24  SCV  
  15  0:39  SCV, Barracks  
  16  0:44  Refinery  
  16  0:51  SCV  
  17  1:03  SCV  
  18  1:15  SCV  
  19  1:27  Reaper, Orbital Command  
  20  1:38  Command Center  
  20  1:46  Supply Depot  
  20  1:53  SCV  
  21  1:59  Marine  
  22  2:05  SCV  
  22  2:08  Factory  
  23  2:12  Refinery  
  23  2:17  SCV  
  23  2:21  Barracks Reactor  
  24  2:29  SCV  
  25  2:42  SCV  
  26  2:51  Orbital Command  
  25  2:52  Starport  
  25  2:54  SCV  
  26  2:59  Hellion  
  26  3:00  Hellion  
  26  3:02  Barracks Tech Lab  
  30  3:06  SCV  
  31  3:16  SCV  
  31  3:18  SCV  
  33  3:21  Hellion x2  
  33  3:22  Supply Depot  
  37  3:29  Liberator  
  37  3:30  SCV  
  37  3:31  Marine  
  43  3:34  SCV  
  43  3:44  Hellion  
  43  3:45  SCV, Hellion  
  43  3:46  Supply Depot  
  49  3:48  SCV  
  49  3:55  Stimpack  
  49  3:58  SCV  
  49  4:00  SCV  
  51  4:11  Command Center  
  51  4:12  SCV  
  51  4:15  Factory Reactor  
  51  4:16  Marine  
  53  4:18  Supply Depot  
  53  4:20  SCV  
  54  4:24  SCV, Barracks  
  54  4:29  Barracks  
  55  4:32  Starport Reactor  
  55  4:33  SCV  
  55  4:36  SCV  
  55  4:38  Marine  
  59  4:45  SCV  
  59  4:50  SCV  
  59  4:52  Engineering Bay  
  60  4:53  Engineering Bay, Refinery  
  60  4:54  Refinery  
  60  4:57  SCV  
  61  5:01  Marine  
  61  5:02  SCV, Supply Depot, Factory Tech Lab  
  63  5:09  SCV  
  63  5:12  Medivac  
  63  5:13  Medivac  
  68  5:14  SCV  
  68  5:15  Marine  
  68  5:19  Terran Infantry Weapons Level 1  
  68  5:20  Terran Infantry Armor Level 1  
  70  5:22  Marine  
  70  5:23  Marine  
  70  5:24  Supply Depot  
  70  5:25  Marine  
  73  5:30  Orbital Command  
  73  5:32  SCV  
  73  5:33  Marine  
  73  5:34  Marine  
  76  5:37  Siege Tank  
  76  5:40  SCV, Marine  
  81  5:42  Marine  
  81  5:45  Combat Shield  
  81  5:48  Marine  
  81  5:49  SCV  
  84  5:51  Marine  
  84  5:54  SCV  
  86  5:58  Marine  
  86  6:02  Medivac  
  86  6:03  Marine x2  
  91  6:06  SCV x2  
  91  6:07  Orbital Command  
  93  6:16  Marine  
  93  6:17  Barracks x2  
  94  6:18  SCV  
  94  6:19  SCV  
  94  6:20  Armory  
  94  6:23  Marine x2  
  97  6:26  Supply Depot, Siege Tank  
  100  6:33  Marine  
  100  6:35  SCV x2  
  100  6:36  SCV  
  96  6:40  Marine  
  96  6:43  Marine  
  93  6:47  SCV  
  93  6:48  Marine  
  93  6:50  Medivac x2, Marine  
  93  6:52  Marine  
  100  6:56  SCV  
  100  6:57  SCV  
  100  6:59  SCV, Supply Depot  
  100  7:00  Supply Depot, Marine  
  100  7:01  Marine  
  102  7:05  Marine  
  102  7:06  Barracks Reactor  
  102  7:07  Barracks Reactor  
  107  7:09  SCV  
  106  7:21  SCV  

Tags
 
Add a new tag
Caveats
  • Supply blocks, unpowered buildings, or Contaminate may cause inaccurate times.
  • Supply counts are checked every 10 seconds.